AoeStats
← Very ellegant player

Arena

509984226Analyzed
2v2 RM · 3d ago on Sep 28, 2026· 45m 43s· 4 players
Game mode
Random Map
Map size
Medium (4 player)
Population
200
Speed
Normal
Resources
Standard
Victory
Conquest
Starting age
Dark Age
Ending age
Imperial Age
RankedLock teamsTeams togetherTeam positionsShared explorationLock speedFull tech treeHidden civsTurbo modeCheats
Victory
Defeat
🇦🇷 Khmer · Argentina
1282
+12
🇦🇷 Gurjaras · Argentina
1204
+15
1248
-17
🇲🇽 Bengalis · Mexico
1110
-10
youtube.com/@Radio_Latex
10:49 Feudal Age
14:29 Castle Age
13:06 Double-Bit Axe
13:03 Horse Collar
13:16 Gold Mining
17:10 Sanctity
16:43 Town Watch
17:39 Bow Saw
18:36 Atonement
22:47 Redemption
24:09 Fervor
27:17 Devotion
31:20 Heresy
33:41 Inquisition
40:23 Imperial Age
39:33 Pikeman
40:29 Halberdier
42:39 Chemistry
42:35 Conscription
42:17 Scale Mail Armor
42:28 Squires
45:43 Theocracy
LaUlrich
11:42 Feudal Age
13:38 Loom
16:03 Castle Age
16:08 Horse Collar
16:16 Double-Bit Axe
18:57 Gold Mining
21:19 Forging
21:16 Scale Barding Armor
21:02 Fletching
21:12 Padded Archer Armor
22:48 Bow Saw
23:48 Redemption
30:28 Atonement
30:38 Fervor
32:28 Bodkin Arrow
32:48 Leather Archer Armor
33:10 Iron Casting
32:56 Chain Barding Armor
34:36 Ballistics
41:02 Imperial Age
39:08 Wheelbarrow
38:19 Town Watch
43:30 Chemistry
Very ellegant player
11:20 Feudal Age
14:54 Castle Age
13:30 Double-Bit Axe
17:16 Gold Mining
20:36 Redemption
22:37 Atonement
32:50 Bow Saw
32:56 Stone Mining
33:52 Wheelbarrow
37:24 Imperial Age
37:23 Scale Barding Armor
37:29 Forging
37:01 Light Cavalry
37:52 Bloodlines
37:42 Husbandry
38:26 Hussar
40:48 Conscription
41:28 Horse Collar
42:54 Chain Barding Armor
44:31 Iron Casting
44:32 Plate Barding Armor
44:13 Heavy Plow
46:19 Hand Cart
Eros.99
8:54 Loom
10:54 Feudal Age
14:42 Castle Age
12:36 Horse Collar
13:24 Double-Bit Axe
16:22 Bow Saw
16:13 Heavy Plow
16:51 Loom
22:35 Wheelbarrow
21:58 Gold Mining
26:53 Imperial Age
26:58 Pikeman
27:52 Forging
29:14 Scale Mail Armor
29:50 Iron Casting
28:41 Halberdier
30:12 Hand Cart
30:22 Chain Mail Armor
33:10 Crop Rotation
34:17 Blast Furnace
33:20 Light Cavalry
33:28 Light Cavalry
34:24 Scale Barding Armor
34:25 Arson
35:21 Hussar
36:15 Bloodlines
36:06 Husbandry
37:39 Chain Barding Armor
38:33 Conscription
39:09 Tusk Swords
39:55 Plate Barding Armor
38:43 Elite Battle Elephant
Connection lost

Rejoining the realm…

Still unreachable

The connection could not be restored.

Session expired

The server has moved on; the page needs a fresh start.